 Dungeon Crawl Stone Soup version 0.24.1-14-gf8d2b509d9 (webtiles) character file.

Game seed: 6653423640477750962, levelgen mode: deterministic

363 Curus the Twirler (level 6, 0/44 HPs)
             Began as a Demonspawn Gladiator on June 2, 2020.
             Was a Follower of Okawaru.
             Succumbed to Crazy Yiuf's poison
             ... on level 3 of the Dungeon.
             The game lasted 00:11:51 (2794 turns).

Curus the Twirler (Demonspawn Gladiator)            Turns: 2794, Time: 00:11:52

Health: 0/44       AC:  6    Str: 14 (15) XL:     6   Next: 39%
Magic:  6/6        EV: 12    Int:  7 (9)  God:    Okawaru [*.....]
Gold:   144        SH:  0    Dex: 14 (16) Spells: 5/5 levels left

rFire    . . .     SeeInvis .   a - +0 quarterstaff
rCold    . . .     Gourm    .   (shield currently unavailable)
rNeg     . . .     Faith    .   b - +0 leather armour
rPois    .         Spirit   .   c - +0 helmet
rElec    .         Reflect  .   h - +1 cloak
rCorr    .         Harm     .   (no gloves)
MR       .....                  (no boots)
Stlth    +.........             (no amulet)
HPRegen  0.14/turn              (no ring)
MPRegen  0.10/turn              (no ring)

@: lethally poisoned (0 -> -16)
A: talons 2, powered by pain 1
a: Heroism, Renounce Religion


You were on level 3 of the Dungeon.
You worshipped Okawaru.
Okawaru was aware of your devotion.
You were not hungry.

You visited 1 branch of the dungeon, and saw 3 of its levels.

You collected 144 gold pieces.

Inventory:

Hand Weapons
 a - a +0 quarterstaff (weapon)
Missiles
 d - 2 throwing nets (quivered)
Armour
 b - a +0 leather armour (worn)
 c - a +0 helmet (worn)
 h - a +1 cloak (worn)
Jewellery
 k - an uncursed ring of ice
Scrolls
 e - 5 scrolls of immolation
 g - 2 scrolls of magic mapping
 i - 2 scrolls of blinking
 j - a scroll of teleportation
Comestibles
 f - 5 rations


   Skills:
 - Level 2.0 Fighting
 + Level 6.6 Staves
 - Level 1.7 Throwing
 - Level 2.6 Dodging


You had 5 spell levels left.
You didn't know any spells.
Your spell library was empty.

Dungeon Overview and Level Annotations

Branches:
Dungeon (3/15)

Altars:
Okawaru

Annotations:
D:3 Crazy Yiuf


Innate Abilities, Weirdness & Mutations

You have razor-sharp toenails.
You sometimes gain a little power by taking damage.


Message History

Crazy Yiuf hits you with a +4 quarterstaff of chaos!
You are lethally poisoned!
Throwing (i - inventory)
d - 3 throwing nets (quivered)
Press: ? - help, Shift-Dir - straight line, f - Crazy Yiuf
Aim: Crazy Yiuf, wielding a +4 quarterstaff of chaos and wearing a +1 cloak (lightly wounded)
You throw a throwing net.
The throwing net barely misses Crazy Yiuf.
* * * LOW HITPOINT WARNING * * *
You feel sick.
Crazy Yiuf flaps his cloak.
Crazy Yiuf hits you with a +4 quarterstaff of chaos!
* * * LOW HITPOINT WARNING * * *
Crazy Yiuf burns you.
* * * LOW HITPOINT WARNING * * *
You aren't carrying any potions.
Okay, then.
Unknown command.
You sock Crazy Yiuf! Your kick misses Crazy Yiuf.
Crazy Yiuf is heavily wounded.
You die...

#.#.#.#.#
#....#
#.....#.####
♣P..P♣
....###....#
♣...♣♣ #####
#..### ♣♣.♣♣
#..# ♣.♣♣
#..# ♣♣.♣
#######..#
♣.♣♣
.........#
♣♣.♣
....)....#
#@#
.....#.#.#
#.g.#
....(....###
#...#
..#.#......#
#.()#
...###...###
#####
###.#.##...#
# ##.###..##
#### ####.#
#..####..#
.....#
#........#


You could see Crazy Yiuf.

Vanquished Creatures
  Grinder (D:3)
  A scorpion (D:2)
  4 adders
  An ooze (D:2)
  5 worms
  2 leopard geckos
  5 orcs (D:3)
  3 giant cockroaches (D:2)
  8 goblins
  8 hobgoblins
  2 jackals (D:3)
  2 quokkas (D:2)
  A ball python (D:1)
  6 bats
  6 frilled lizards
  9 kobolds
  8 rats
72 creatures vanquished.

Notes
Turn   | Place    | Note
-------+----------+-------------------------------------------
     0 | D:1      | Curus the Demonspawn Gladiator began the quest for the Orb.
     0 | D:1      | Reached XP level 1. HP: 16/16 MP: 1/1
   172 | D:1      | Reached skill level 3 in Staves
   325 | D:1      | Gained mutation: You have sharp toenails. [demonic
                  | ancestry]
   325 | D:1      | Reached XP level 2. HP: 15/22 MP: 2/2
  1035 | D:3      | Found an iron altar of Okawaru.
  1039 | D:3      | Gained mutation: You have razor-sharp toenails. [demonic
                  | ancestry]
  1039 | D:3      | Reached XP level 3. HP: 27/27 MP: 3/3
  1047 | D:3      | Noticed Grinder
  1054 | D:3      | Paralysed by Grinder for 2 turns
  1058 | D:3      | Became a worshipper of Warmaster Okawaru
  1075 | D:3      | Paralysed by Grinder for 3 turns
  1083 | D:3      | Killed Grinder
  1083 | D:3      | Reached * piety under Okawaru
  1083 | D:3      | Reached skill level 5 in Staves
  1083 | D:3      | Gained mutation: You sometimes gain a little power by
                  | taking damage. [demonic ancestry]
  1083 | D:3      | Reached XP level 4. HP: 16/33 MP: 4/4
  1083 | D:3      | Reached XP level 5. HP: 18/38 MP: 5/5
  1398 | D:3      | Reached skill level 6 in Staves
  1548 | D:2      | Reached XP level 6. HP: 44/44 MP: 6/6
  2143 | D:2      | Reached ** piety under Okawaru
  2617 | D:3      | Found a runed translucent door.
  2618 | D:3      | Noticed Crazy Yiuf
  2793 | D:3      | HP: 2/44 [Crazy Yiuf/+4 quarterstaff of chaos (11)]
  2794 | D:3      | Succumbed to Crazy Yiuf's poison

Levels and vault maps discovered:
D:1:      ebering_trefoil_twist, layout_basic
D:2:      minmay_inner_zag, layout_loops_ring
D:3:      layout_loops_ring, moated_statue, kennysheep_okawaru_gauntlet,
          uniq_crazy_yiuf_cottage, uniq_grinder

Skill      XL: |  1  2  3  4  5 |
---------------+----------------+-----
Staves         | 3 5 6 |  6.6
Fighting       | |  2.0
Throwing       | |  1.7
Dodging        | |  2.6

Action                   |  1- 3 |  4- 6 || total
-------------------------+-------+-------++-------
Melee: Quarterstaff      |    79 |   114 ||   193
       Kick              |    10 |    32 ||    42
Throw: Throwing net      |       |     1 ||     1
  Use: Scroll            |     7 |     3 ||    10
       Potion            |     1 |     3 ||     4
 Stab: Sleeping          |     1 |     1 ||     2
  Eat: Chunk             |     1 |     5 ||     6
Armor: Leather armour    |    19 |    32 ||    51
Dodge: Dodged            |    42 |    51 ||    93
